 Dungeon Crawl Stone Soup version 0.31.0-32-g396128a36d (webtiles) character file.

Game seed: 7195902208988314463

486 tizbic2 the Shooter (level 7, 0/54 HPs)
             Began as a Formicid Hunter on Apr 17, 2024.
             Was an Initiate of the Shining One.
             Slain by a gargoyle
             ... wielding a +0 flail
              (11 damage)
             ... on level 4 of the Dungeon.
             The game lasted 00:11:47 (2566 turns).

tizbic2 the Shooter (Formicid Hunter)               Turns: 2566, Time: 00:11:48

Health: 0/54       AC: 14    Str: 17    XL:     7   Next: 35%
Magic:  9/9        EV:  8    Int:  9    God:    the Shining One [......]
Gold:   164        SH:  0    Dex: 17    Spells: 6/6 levels left

rFire   . . .        n - +8 trident of the Octopus King {venom, rElec rPois}
rCold   . . .        (no shield)
rNeg    . . .        j - +0 chain mail
rPois   +            (helmet unavailable)
rElec   +            r - +2 cloak
rCorr   .            (no gloves)
SInv    +            i - +1 pair of boots
Will    .....        (no amulet) Stlth
                     d - ring of poison resistance
HPRegen 0.29/turn    (no ring)
MPRegen 0.11/turn

%: no passive effects
@: glowing
A: permanent stasis, dig shafts and tunnels, antennae 3, four strong arms
a: Dig, Shaft Self, Renounce Religion


You were on level 4 of the Dungeon.
You worshipped the Shining One.
The Shining One was noncommittal.
You visited 1 branch of the dungeon, and saw 5 of its levels.

You collected 164 gold pieces.

Inventory:

Hand Weapons
 a - a +0 shortbow
 n - the +8 trident of the Octopus King (weapon) {venom, rElec rPois}
   (You found it on level 3 of the Dungeon)

   rElec:     It insulates you from electricity.
   rPois:     It protects you from poison
 t - a +0 flail of holy wrath
Armour
 f - a +0 ring mail
 i - a +1 pair of boots (worn)
 j - a +0 chain mail (worn)
 r - a +2 cloak (worn)
 u - a +3 leather armour of poison resistance
Jewellery
 d - a ring of poison resistance (left hand)
Wands
 v - a wand of digging (8)
Scrolls
 b - a scroll of butterflies
 l - a scroll of fear
 m - a scroll of noise
 o - a scroll of revelation
 q - a scroll of identify {unknown}
Potions
 c - 2 potions of enlightenment {unknown}
 e - a potion of might {unknown}
 g - a potion of invisibility {unknown}
 h - a potion of mutation {unknown}
 k - a potion of brilliance {unknown}
 p - a potion of degeneration {unknown}
 s - a potion of heal wounds {unknown}


   Skills:
 + Level 4.1 Fighting
 * Level 3.6 Polearms
 - Level 4.8 Ranged Weapons
 + Level 3.3 Armour
 - Level 1.7 Dodging
 - Level 1.2 Stealth
 + Level 2.9 Invocations


You had 6 spell levels left.
You didn't know any spells.
Your spell library contained the following spells:

 Spells                   Type           Power      Damage    Failure   Level
 Slow                     Hex            0%         N/A       99%         1
 Confusing Touch          Hex            0%         N/A       100%        3
 Sigil of Binding         Hex            0%         N/A       100%        3
 Vampiric Draining        Necr           0%         2d6       100%        3
 Animate Dead             Necr           0%         N/A       100%        4
 Haunt                    Necr/Summ      0%         N/A       100%        7
 Infestation              Necr           0%         N/A       100%        8


Dungeon Overview and Level Annotations

Branches:
Dungeon (5/15)
 Temple: D:4-7

Altars:
Nemelex Xobeh
Sif Muna
The Shining One


Innate Abilities, Weirdness & Mutations

You cannot be hasted, slowed, berserked, paralysed or teleported.
You can dig through walls and to a lower floor.
You have a pair of large antennae on your head. (SInv)
Your four strong arms can wield two-handed weapons with a shield.


Message History

You see here a +0 club.
Found a forked wooden wand.
Found a stone staircase leading down.
v - a wand of digging (8)
Found an escape hatch in the floor.
You now have 164 gold pieces (gained 14).
Found a stone staircase leading up.
Search for what [? for help]?
D:1 Search for what [Enter for "D:1", or ? for help]?
D:2 Search for what [Enter for "D:2", or ? for help]?
D:3 Unknown command.
Search for what [Enter for "D:3", or ? for help]?
D:4
There is a stone staircase leading down here.
You climb downwards.
You hear the sound of rushing water.
There is an entrance to a sewer on this level.
Hurry and find it before the portal rusts away!
The iguana hisses angrily.
Found a whip.
There is a stone staircase leading up here.
The gargoyle hits you with a +0 flail!!
You climb upwards.
There is a stone staircase leading down here.
You hit the gargoyle.
The gargoyle is lightly damaged.
The gargoyle hits you with a +0 flail.
You puncture the gargoyle!
The gargoyle is heavily damaged.
The gargoyle barely misses you.
You hit the gargoyle but do no damage.
The gargoyle is heavily damaged.
The gargoyle hits you with a +0 flail!
You hit the gargoyle but do no damage.
The gargoyle is heavily damaged.
The gargoyle hurls a stone arrow at you.
The stone arrow hits you!
* * * LOW HITPOINT WARNING * * *
You barely miss the gargoyle.
The gargoyle is heavily damaged.
The gargoyle hits you with a +0 flail!
You die...

#....##......#.....
##....###....##.....
##.......#....#......
###.................>..
##............###..#....
#......#................
##.....###........##....
####.............#.....
##..9@..........#.....
#.....................
#.....................
#...###........#...##.
##.## #.#.............
### ####..#.........
#.##..###...# #######
##.## ###


You could see a gargoyle.

Vanquished Creatures
  Duvessa (D:4)
  A scorpion (D:4)
  Dowan (D:4)
  A bombardier beetle (D:4)
  Crazy Yiuf (D:3)
  3 orc wizards (D:3)
  Robin (D:4)
  5 adders
  2 dart slugs
  5 orcs (D:3)
  4 ball pythons
  6 endoplasms
  A giant cockroach (D:1)
  14 goblins
  9 hobgoblins
  3 jackals (D:4)
  3 quokkas (D:1)
  6 bats (D:1)
  2 frilled lizards (D:1)
  4 kobolds
  6 rats
79 creatures vanquished.

Notes
Turn   | Place    | Note
-------+----------+-------------------------------------------
     0 | D:1      | tizbic2 the Formicid Hunter began the quest for the Orb.
     0 | D:1      | Reached XP level 1. HP: 16/16 MP: 1/1
   120 | D:1      | Reached XP level 2. HP: 23/23 MP: 2/2
   195 | D:1      | Found a faded altar of an unknown god.
   288 | D:1      | Reached skill level 1 in Armour
   325 | D:1      | Reached XP level 3. HP: 28/28 MP: 3/3
   908 | D:2      | Reached XP level 4. HP: 34/34 MP: 4/4
  1404 | D:3      | Found the +8 trident of the Octopus King {venom, rElec
                  | rPois}
  1427 | D:3      | Found a sparkling altar of Nemelex Xobeh.
  1450 | D:3      | Reached XP level 5. HP: 41/41 MP: 5/5
  1470 | D:3      | Reached skill level 1 in Polearms
  1529 | D:3      | Found a glowing golden altar of the Shining One.
  1571 | D:3      | Found a runed translucent door.
  1572 | D:3      | Noticed Crazy Yiuf
  1580 | D:3      | Killed Crazy Yiuf
  1581 | D:3      | Reached skill level 1 in Invocations
  1871 | D:3      | Found a shimmering blue altar of Sif Muna.
  1953 | D:3      | Became a worshipper of the Shining One
  1981 | D:4      | Noticed Duvessa
  1981 | D:4      | Noticed Dowan
  2028 | D:4      | Found Noas's Self-Improvement Boutique.
  2054 | D:4      | Reached XP level 6. HP: 47/47 MP: 7/7
  2321 | D:4      | Killed Duvessa
  2322 | D:4      | Reached XP level 7. HP: 24/54 MP: 7/9
  2324 | D:4      | Killed Dowan
  2391 | D:4      | Noticed Robin
  2397 | D:4      | Killed Robin
  2559 | D:5      | Entered Level 5 of the Dungeon
  2559 | D:5      | Noticed a gargoyle
  2566 | D:4      | Slain by a gargoyle

Illustrated notes

Levels and vault maps discovered:
D:1:      nzn_arrival_depleted_hourglass, layout_rooms,
          shapermc_ecumenical_altar_ellora
D:2:      layout_basic
D:3:      layout_basic, tso_metal_star, led_sif_book,
          mainiacjoe_overflow_chevrons, uniq_crazy_yiuf_cottage
D:4:      layout_cave_pools, nicolae_shop_self_help, uniq_duvessa, uniq_robin
D:5:      layout_cave_pools, mainiacjoe_overflow_surrounded_room,
          nicolae_overflow_hidden_temple, temple_pool_b,
          cheibrodos_sewer_entry_bend, kennysheep_opposing_triangles

Skill      XL: |  1  2  3  4  5  6 |
---------------+-------------------+-----
Armour         | 1 2 3 |  3.3
Fighting       | 3 4 |  4.1
Polearms       | 2 3 |  3.6
Invocations    | 1 2 |  2.9
Ranged Weapons | |  4.8
Dodging        | |  1.7
Stealth        | |  1.2

Action                     |  1- 3 |  4- 6 |  7- 9 || total
---------------------------+-------+-------+-------++-------
  Melee: Trident           |       |    61 |    35 ||    96
         Punch             |       |     1 |       ||     1
   Fire: Shortbow          |   103 |    18 |       ||   121
    Use: Scroll            |     3 |     3 |       ||     6
 Armour: Ring mail         |    20 |       |       ||    20
         Chain mail        |     6 |    45 |    44 ||    95
  Dodge: Dodged            |    41 |    27 |     8 ||    76
